Workbook
Name Alpha_HW: #REF!
Name Beta_HW: #REF!
Name Gamma_HW: #REF!

Sheet PRESUPUESTO OFICIAL (Entidad)
C2: Formulario 1 - Propuesta económica - Documento tipo de licitación de obra pública de infraestructura de transporte - versión 4
C3: Código | D3: CCE-EICP-FM-14 | E3: Versión | F3: 4
C4: FORMULARIO 1
C5: PRESUPUESTO OFICIAL
C6: [La entidad puede utilizar este formulario de detalle del presupuesto oficial para determinar las condiciones bajo las cuales los proponentes analizarán y presentarán su propuesta económica de forma detallada, sin perjuicio que la entidad pueda modificarlo o establecer la presentación de la oferta económica con un formulario distinto al indicado.]
C8: Adicionalmente, cuando el proceso de contratación es estructurado por precios unitarios, la Entidad debe aplicar las notas 1, 2 y 3 del presente formulario y las casillas de "Descripción", "Porcentaje" de la Administración, Imprevisto, Utilidad y total A.I.U. resaltadas en color amarillo. Tratándose de otras modalidades de precio, la Entidad puede o no configurar los mismos aspectos.
C10: Nº | D10: ÍTEM DE PAGO | E10: ESPECIFICACIONES | G10: DESCRIPCIÓN | H10: UND. | I10: CANTIDAD | J10: VALOR UNITARIO | K10: VALOR TOTAL
E11: GENERAL | F11: PARTICULAR
A12: =IF(I12=0,A11,A11+1) -> 1 | C12: 1 | D12: 3010 | E12: IDU | G12: DEMOLICION PAVIMENTO ASFALTICO (INCLUYE CARGUE). NO INCLUYE TRANSPORTE Y DISPOSICIÓN FINAL DE SOBRANTES. | H12: M3 | I12: 294.64 | J12: 55337 | K12: 16304494
A13: =IF(I13=0,A12,A12+1) -> 2 | C13: 2 | D13: 3011 | E13: IDU | G13: DEMOLICION MANUAL SARDINEL EXISTENTE (INCLUYE CARGUE). NO INCLUYE TRANSPORTE Y DISPOSICIÓN FINAL DE SOBRANTES. | H13: ML | I13: 2538.38 | J13: 10184 | K13: 25850862
A14: =IF(I14=0,A13,A13+1) -> 3 | C14: 3 | D14: 3022 | E14: IDU | G14: DEMOLICIÓN PISOS DE CONCRETO (INCLUYE CARGUE). NO INCLUYE TRANSPORTE Y DISPOSICIÓN FINAL DE SOBRANTES. | H14: M3 | I14: 251.63 | J14: 82197 | K14: 20683231
A15: =IF(I15=0,A14,A14+1) -> 4 | C15: 4 | D15: 4848 | E15: IDU | G15: DEMOLICION DE TUBERIAS DE ACUEDUCTO Y ALCANTARILLADO Ø < 36" (INCLUYE MARTILLO NEUMÁTICO DE 60 LB Y CARGUE). | H15: ML | I15: 126 | J15: 17117 | K15: 2156742
A16: =IF(I16=0,A15,A15+1) -> 5 | C16: 5 | D16: 4850 | E16: IDU | G16: DEMOLICION DE POZOS, CAJAS Y CAMARAS DE EMPRESAS DE SERVICIOS PÚBLICOS (INCLUYE MARTILLO NEUMÁTICO DE 60 LB, COMPRESOR Y CARGUE). | H16: M3 | I16: 2.5 | J16: 453650 | K16: 1134125
A17: =IF(I17=0,A16,A16+1) -> 6 | C17: 6 | D17: 7792 | E17: IDU | G17: FRESADO PAVIMENTO ASFÁLTICO - HORARIO NOCTURNO. (INCLUYE CARGUE) INCLUYE AGUA, PUNTAS. NO INCLUYE TRANSPORTE DE MAQUINARIA, TRANSPORTE DEL FRESADO NI DISPOSICIÓN FINAL). | H17: M3 | I17: 1997.78 | J17: 172903 | K17: 345422155
A18: =IF(I18=0,A17,A17+1) -> 7 | C18: 7 | D18: 7751 | E18: IDU | G18: FRESADO PAVIMENTO ASFÁLTICO (INCLUYE CARGUE) INCLUYE AGUA, PUNTAS. NO INCLUYE TRANSPORTE DE MAQUINARIA, TRANSPORTE DEL FRESADO NI DISPOSICIÓN FINAL). | H18: M3 | I18: 1997.78 | J18: 171736 | K18: 343090746
A19: =IF(I19=0,A18,A18+1) -> 8 | C19: 8 | D19: 5362 | E19: IDU | G19: FRESADO ESTABILIZADO AL 5% CON EMULSIÓN CRL-1 PARA ACCIÓN DE MOVILIDAD (INCLUYE MATERIAL PÉTREO DE ADICIÓN (ARENA DE RIO) - DISTANCIA A 28 KM. | H19: M3 | I19: 11.97 | J19: 520727 | K19: 6233102
A20: =IF(I20=0,A19,A19+1) -> 9 | C20: 9 | D20: 3007 | E20: IDU | G20: REPLANTEO GENERAL | H20: M2 | I20: 11036.26 | J20: 1374 | K20: 15163821
A21: =IF(I21=0,A20,A20+1) -> 10 | C21: 10 | D21: 3009 | E21: IDU | G21: EXCAVACION MANUAL PARA REDES PROFUNDIDAD 0M - 2M (INCLUYE CARGUE) | H21: M3 | I21: 249.67 | J21: 72680 | K21: 18146016
A22: =IF(I22=0,A21,A21+1) -> 11 | C22: 11 | D22: 3464 | E22: IDU | G22: EXCAVACION MANUAL EN MATERIAL COMUN. INCLUYE CARGUE. | H22: M3 | I22: 449.7 | J22: 72680 | K22: 32684196
A23: =IF(I23=0,A22,A22+1) -> 12 | C23: 12 | D23: 3710 | E23: IDU | G23: EXCAVACIÓN MECÁNICA EN MATERIAL COMÚN (INCLUYE CARGUE) | H23: M3 | I23: 705.38 | J23: 7759 | K23: 5473043
... A112: =IF(I112=0,A111,A111+1) -> 101 | C112: 101 | D112: APU5_FDLBU | E112: IDU | G112: CONEXIONES KIT SILLA YEE 400 X 160 PVC. SUMINISTRO E INSTALACIÓN. | H112: UN | I112: 19 | J112: 798433 | K112: 15170227
A113: =IF(I113=0,#REF!,#REF!+1) -> #REF! | C113: SUBTOTAL VALORES OFERTADOS COMPONENTE DE OBRA | K113: =SUM(K12:K112) -> 3771842502
A114: =IF(I114=0,A113,A113+1) -> #REF!
A115: =IF(I115=0,A114,A114+1) -> #REF! | C115: ITEMS OFERTADOS COMPONENTE AMBIENTAL
A116: =IF(I116=0,A115,A115+1) -> #REF! | C116: =C112+1 -> 102 | D116: Amb1 | G116: CAPACITACIÓN AMBIENTAL AL PERSONAL DE OBRA | H116: UN | I116: 1 | J116: 1433399 | K116: =ROUND(I116*J116,0) -> 1433399
A117: =IF(I117=0,A116,A116+1) -> #REF! | C117: =C116+1 -> 103 | D117: Amb2 | G117: BAÑO TIPO FLUSHING - ALQUILER MANTENIMIENTO Y ASEO DE BAÑOS PORTÁTILES VIP MENSUAL | H117: UN/MES | I117: 20 | J117: 932370 | K117: =ROUND(I117*J117,0) -> 18647400
A118: =IF(I118=0,A117,A117+1) -> #REF! | C118: =C117+1 -> 104 | D118: Amb3 | G118: ALQUILER DE CERRAMIENTO TIPO 1: CONSTA DE SEÑALIZADORES TUBULARES PLÁSTICOS, TRIPLE CINTA PELIGRO CAL. 4, POLISOMBRA 65% PARA CERRAMIENTO. (INCLUYE INSTALACIÓN, MANTENIMIENTO Y DESINSTALACIÓN). - GESTION AMBIENTAL | H118: ML/MES | I118: 320 | J118: 13872 | K118: =ROUND(I118*J118,0) -> 4439040
A119: =IF(I119=0,A118,A118+1) -> #REF! | C119: =C118+1 -> 105 | D119: Amb4 | G119: ALQUILER DE CERRAMIENTO TIPO 2: CONSTA DE POSTES ROLLIZOS DE 1.90MT DE ALTURA LIBRE CON BASE EN CONCRETO 1500 PSI DE 30CM X 30CM, DOBLE CINTA PELIGRO CAL. 4, TELA PARA CERRAMIENTO.(INCL INSTALACION, MANTENIMIENTO Y DESINSTALACIÓN). - GESTION AMBIENTAL | H119: ML/MES | I119: 190 | J119: 37454 | K119: =ROUND(I119*J119,0) -> 7116260
A120: =IF(I120=0,A119,A119+1) -> #REF! | C120: =C119+1 -> 106 | D120: Amb5 | G120: ALQUILER DE CERRAMIENTO TIPO 3, CONSTA DE SEÑALIZADORES TUBULARES PLASTICOS SEPARADOS ENTRE SI MAXIMO 3MTS TRIPLE CINTA PELIGRO CAL 4 (INCLUYE INSTALACIÓN, MANTENIMEINTO Y DESINSTALACIÓN). GESTION AMBIENTAL | H120: ML/ME | I120: 315 | J120: 7127 | K120: =ROUND(I120*J120,0) -> 2245005
A121: =IF(I121=0,A120,A120+1) -> #REF! | C121: =C120+1 -> 107 | D121: Amb6 | G121: PAQUETE DE ELEMENTOS PARA LIMPIEZA Y DESINFECCIÓN PARA 10 TRABAJADORES EN OBRA (INCLUYE ALCOHOL, TOALLAS DE PAPEL, JABON LIQUIDO, GEL ANTIBACTERIAL, SUMINISTRO AGUA PARA EL LAVAMANOS) | H121: UN/MES | I121: 15.5 | J121: 863561 | K121: =ROUND(I121*J121,0) -> 13385196
A122: =IF(I122=0,A121,A121+1) -> #REF! | C122: =C121+1 -> 108 | D122: Amb7 | G122: ADECUACIÓN DE CENTRO DE ACOPIO DE MATERIALES | H122: UN | I122: 9 | J122: 967408 | K122: =ROUND(I122*J122,0) -> 8706672
A123: =IF(I123=0,A122,A122+1) -> #REF! | C123: =C122+1 -> 109 | D123: Amb8 | G123: DEMARCACIÓN Y CONTROL DE ACOPIOS TEMPORALES DE MATERIALES | H123: M2 | I123: 130 | J123: 41046 | K123: =ROUND(I123*J123,0) -> 5335980
A124: =IF(I124=0,A123,A123+1) -> #REF! | C124: =C123+1 -> 110 | D124: Amb9 | G124: PUNTOS DE RECICLAJE DE RESIDUOS (FRENTES DE OBRA) | H124: UN | I124: 9 | J124: 834642 | K124: =ROUND(I124*J124,0) -> 7511778
A125: =IF(I125=0,A124,A124+1) -> #REF! | C125: =C124+1 -> 111 | D125: Amb10 | G125: KIT DE BRIGADA, ORDEN, ASEO Y LIMPIEZA | H125: UN | I125: 9 | J125: 145659 | K125: =ROUND(I125*J125,0) -> 1310931
A126: =IF(I126=0,A125,A125+1) -> #REF! | C126: =C125+1 -> 112 | D126: Amb11 | G126: PROTECCIÓN A SUMIDEROS CON POLISOMBRA 47% (INCLUYE SUMINISTRO Y COLOCACIÓN DE POLISOMBRA 47% ASEGURADO CON PUNTILLA GRAPA). | H126: UN/MES | I126: 91 | J126: 6512 | K126: =ROUND(I126*J126,0) -> 592592
A127: =IF(I127=0,A126,A126+1) -> #REF! | C127: =C126+1 -> 113 | D127: Amb12 | G127: PROTECCIÓN A ÁRBOLES (INCLUYE SUMINISTRO Y COLOCACIÓN DE DURMIENTES DE 2.90M X 0.04M X 0.04M Y POLISOMBRA AL 47% DE TAL MANERA QUE GARANTICE LA PROTECCIÓN AL INDIVIDUO VEGETAL. | H127: UN | I127: 5 | J127: 37731 | K127: =ROUND(I127*J127,0) -> 188655
A128: =IF(I128=0,A127,A127+1) -> #REF! | C128: =C127+1 -> 114 | D128: Amb13 | G128: Examenes médicos ocupacionales de ingreso o retiro. Ingluye medicina ocpacional, Audiometria, Optometría, Espirometria | H128: UN | I128: 1 | J128: 123620 | K128: =ROUND(I128*J128,0) -> 123620
... A130: =IF(I130=0,A129,A129+1) -> #REF! | C130: =C129+1 -> 116 | D130: Amb15 | G130: SEÑAL EN POLIESTIRENO (30cm x 20cm) FOTOLUMINISCENTE - NORMA NTC - ISO - Para demarcación de diferentes areas de la obra | H130: UN | I130: 1 | J130: 77006 | K130: =ROUND(I130*J130,0) -> 77006
A131: =IF(I131=0,A130,A130+1) -> #REF! | C131: SUBTOTAL VALORES OFERTADOS COMPONETE AMBIENTAL (INCLUYE AIU AMBIENTAL) | K131: =SUM(K116:K130) -> 71550562
A132: =IF(I132=0,A131,A131+1) -> #REF!
A133: =IF(I133=0,A132,A132+1) -> #REF! | C133: ITEMS OFERTADOS COMPONENTE SOCAL
A134: =IF(I134=0,A133,A133+1) -> #REF! | C134: =C130+1 -> 117 | D134: Soc1 | G134: SOCIALIZACION PROYECTO (Inicio, intermedio o cierre). Incluye video beam y carpa para asistencia de 10 a 75 personas | H134: UN | I134: 22 | J134: 178746 | K134: =ROUND(I134*J134,0) -> 3932412
A135: =IF(I135=0,A134,A134+1) -> #REF! | C135: =C134+1 -> 118 | D135: Soc2 | G135: EDICION, IMPRESION Y DISTRIBUCION DE PIEZAS DE DIVULGACION (PIEZAS EN PAPEL BOND, TAMAÑO CARTA, TIPO FOTOCOPIA). | H135: UN | I135: 1 | J135: 1272 | K135: =ROUND(I135*J135,0) -> 1272
A136: =IF(I136=0,A135,A135+1) -> #REF! | C136: =C135+1 -> 119 | D136: Soc3 | G136: AFICHE TAMAÑO MEDIO PLIEGO A 4X0 TINTAS EN PROPALCOTE DE 115 GR. | H136: UN | I136: 105 | J136: 1464 | K136: =ROUND(I136*J136,0) -> 153720
A137: =IF(I137=0,A136,A136+1) -> #REF! | C137: =C136+1 -> 120 | D137: Soc4 | G137: LEVANTAMIENTO DE ACTA DE VECINDAD COMPLETA. (INCLUYE PERSONAL, LOGISTICA, ELABORACION DE FORMATO, PAPELERIA, FOTOGRAFIA Y VIDEO). | H137: UN PRE | I137: 545 | J137: 51390 | K137: =ROUND(I137*J137,0) -> 28007550
A138: =IF(I138=0,A137,A137+1) -> #REF! | C138: =C137+1 -> 121 | D138: Soc5 | G138: VALLA MÓVIL DE PISO, UNA CARA, DE 1.80M X 1.20M, EN LÁMINA GALVANIZADA CALIBRE 20, ÁNGULO EN HIERRO DE 2 X 1-1/8" IMPRESO EN VINILO ADHESIVO. IMPRESIÓN 720 DPI; TINTAS PARA EXTERIORES. | H138: UN | I138: 11 | J138: 932370 | K138: =ROUND(I138*J138,0) -> 10256070
A139: =IF(I139=0,A138,A138+1) -> #REF! | C139: =C138+1 -> 122 | D139: Soc6 | G139: LEVANTAMIENTO DE ACTAS DE FACHADA (Incluye personal, logística, papelería, fotografía) | H139: UN | I139: 1080 | J139: 14724 | K139: =ROUND(I139*J139,0) -> 15901920
A140: =IF(I140=0,A139,A139+1) -> #REF! | C140: =C139+1 -> 123 | D140: Soc7 | G140: OFICINA DOTADA PARA ATENCÓN AL CIUDADANO. AREA ESTIMADA 15M2, DOS PUESTOS DE TRABAJO | H140: UN/MES | I140: 1 | J140: 1375603 | K140: =ROUND(I140*J140,0) -> 1375603
A141: =IF(I141=0,A140,A140+1) -> #REF! | C141: SUBTOTAL VALORES OFERTADOS COMPONETE SOCIAL (INCLUYE AIU SOCIAL) | K141: =SUM(K134:K140) -> 59628547
A142: =IF(I142=0,A141,A141+1) -> #REF!
A143: =IF(I143=0,A142,A142+1) -> #REF! | C143: ITEMS OFERTADOS COMPONENTE PMT
A144: =IF(I144=0,A143,A143+1) -> #REF! | C144: =C140+1 -> 124 | D144: PMT1 | G144: SEÑAL EN POLIETILENO ALVEOLAR PARE-SIGA 45cms. DECORADA CON REFLECTIVO, GRADO ALTA INTENSIDAD | H144: UN | I144: 16 | J144: 104461 | K144: =ROUND(I144*J144,0) -> 1671376
A145: =IF(I145=0,A144,A144+1) -> #REF! | C145: =C144+1 -> 125 | D145: PMT2 | G145: DESMONTE SEÑAL VERTICAL. | H145: UN | I145: 43 | J145: 7133 | K145: =ROUND(I145*J145,0) -> 306719
A146: =IF(I146=0,A145,A145+1) -> #REF! | C146: =C145+1 -> 126 | D146: PMT3 | G146: DESMONTE Y REINSTALACION DE SEÑALES VIALES (INCLUYE DADO DE ANCLAJE) | H146: UN | I146: 35 | J146: 75523 | K146: =ROUND(I146*J146,0) -> 2643305
A147: =IF(I147=0,A146,A146+1) -> #REF! | C147: =C146+1 -> 127 | D147: PMT4 | G147: TORRE DE ILUMINACIÓN DE 4 BOMBILLAS DE 1000 WATS CADA UNA. ALQUILER. INCLUYE COMBUSTIBLE A.C.P.M. | H147: UN/MES | I147: 4 | J147: 5715763 | K147: =ROUND(I147*J147,0) -> 22863052
A148: =IF(I148=0,A147,A147+1) -> #REF! | C148: =C147+1 -> 128 | D148: PMT5 | G148: ALQUILER BARRERA RELLENABLE (2.00X0.55X1.00M) | H148: UN/MES | I148: 10 | J148: 21430 | K148: =ROUND(I148*J148,0) -> 214300
A149: =IF(I149=0,A148,A148+1) -> #REF! | C149: =C148+1 -> 129 | D149: PMT6 | G149: ALQUILER DE SEÑAL LUMINOSA BIDIRECCIONAL 1.50M X 0.50M (INCLUYE INSTALACIÓN, MANTENIMIENTO Y DESINSTALACIÓN). | H149: UN/MES | I149: 8 | J149: 256067 | K149: =ROUND(I149*J149,0) -> 2048536
A150: =IF(I150=0,A149,A149+1) -> #REF! | C150: =C149+1 -> 130 | D150: PMT7 | G150: ALQUILER SEÑAL TEMPORAL MÓVIL ECONÓMICA CON TRÍPODE TIPO SIO - SP - SI - SR DE (100 X 50 CM - 75 X 75 CM - 80 X 50 CM) LÁMINA GALVANIZADA CAL. 20 Y ÁNGULOS DE 1" X 1/2" X 1/8" | H150: UN/MES | I150: 14 | J150: 62253 | K150: =ROUND(I150*J150,0) -> 871542
A151: =IF(I151=0,A150,A150+1) -> #REF! | C151: =C150+1 -> 131 | D151: PMT8 | G151: ALQUILER DE BARRICADA METÁLICA CON SEÑAL DE DESVÍO O VÍA CERRADA DE 2.40 M CINTA GRADO INGENIERÍA SHEETING | H151: UN/MES | I151: 9 | J151: 230201 | K151: =ROUND(I151*J151,0) -> 2071809
A152: =IF(I152=0,A151,A151+1) -> #REF! | C152: =C151+1 -> 132 | D152: PMT9 | G152: ALQUILER DE CERRAMIENTO TIPO 1: CONSTA DE SEÑALIZADORES TUBULARES PLÁSTICOS, TRIPLE CINTA PELIGRO CAL. 4, POLISOMBRA 65% PARA CERRAMIENTO. (INCLUYE INSTALACIÓN, MANTENIMIENTO Y DESINSTALACIÓN). - PMT | H152: ML/MES | I152: 852.35 | J152: 13872 | K152: =ROUND(I152*J152,0) -> 11823799
A153: =IF(I153=0,A152,A152+1) -> #REF! | C153: =C152+1 -> 133 | D153: PMT10 | G153: ALQUILER DE CERRAMIENTO TIPO 2: CONSTA DE POSTES ROLLIZOS DE 1.90MT DE ALTURA LIBRE CON BASE EN CONCRETO 1500 PSI DE 30CM X 30CM, DOBLE CINTA PELIGRO CAL. 4, TELA PARA CERRAMIENTO.(INCL INSTALACION, MANTENIMIENTO Y DESINSTALACIÓN). - PMT | H153: ML/MES | I153: 101.875 | J153: 37454 | K153: =ROUND(I153*J153,0) -> 3815626
A154: =IF(I154=0,A153,A153+1) -> #REF! | C154: =C153+1 -> 134 | D154: PMT11 | G154: ALQUILER DE CERRAMIENTO TIPO 3, CONSTA DE SEÑALIZADORES TUBULARES PLASTICOS SEPARADOS ENTRE SI MAXIMO 3MTS TRIPLE CINTA PELIGRO CAL 4 (INCLUYE INSTALACIÓN, MANTENIMEINTO Y DESINSTALACIÓN).- PMT | H154: ML/ME | I154: 777.7 | J154: 7127 | K154: =ROUND(I154*J154,0) -> 5542668
C155: SUBTOTAL VALORES OFERTADOS COMPONETE PMT (INCLUYE AIU PMT) | K155: =SUM(K144:K154) -> 53872732
C157: TOTAL VALORES OFERTADOS OBRAS + COMPONETE (INCLUYE AIU DE OBRA Y DE COMPONENTES) Nota 11 | K157: =K113+K131+K141+K155 -> 3956894343
G159: SUBTOTAL OBRAS (INCLUYE COSTOS DIRECTOS E INDIRECTOS) | K159: =K113 -> 3771842502
G161: DIFERENCIA DE VALOR DE OBRA OFERTADO CON RESPECTO AL VALOR DE LA ENTIDAD, DESTINADO A PROVICIÓN PARA ACCIONES DE MOVILIDAD Y DE EMERGENCIA | K161: ='PRESUPUESTO OFICIAL (Entidad)'!$K$113-K113 -> 0
G163: COMPONENTE GESTIÓN AMBIENTAL Y SST (INCLUYE A.I.U.) - VALOR NO OFERTABLE | I163: GLB | J163: 1 | K163: 373530675
G164: COMPONENTE GESTIÓN SOCIAL (INCLUYE A.I.U.) - VALOR NO OFERTABLE | I164: GLB | J164: 1 | K164: 182206978
G165: COMPONENTE PLAN DE MANEJO DE TRAFICO - PMT (INCLUYE A.I.U.) - VALOR NO OFERTABLE | I165: GLB | J165: 1 | K165: 331873478
G167: PRESUPUESTO ETAPA DE DIAGNOSTICO Y DISEÑOS - VALOR NO OFERTABLE | I167: GLB | J167: 1 | K167: 177917093
G169: PROVISIÓN POR CAMBIO DE VIGENCIA - VALOR NO OFERTABLE | I169: GLB | J169: 1 | K169: 50357735
G171: VALOR TOTAL OFERTA ECONOMICA | K171: =K159+K161+K163+K164+K165+K167+K169 -> 4887728461
C174: NOTA 1: Se debe tener en cuenta que el PRECIO UNITARIO incluye el valor de A.I.U. | H174: DESCRIPCION | K174: PORCENTAJE
C175: NOTA 2: Cuando la fracción decimal del peso sea igual o superior a 5 se aproximará por exceso al número entero siguiente del peso y cuando la fracción decimal del peso sea inferior a 5 se aproximará por defecto al número entero del peso. | H175: ADMINISTRACIÓN | J175: A= | K175: 0.2412
C176: NOTA 3: El A.I.U y su discriminación deben estar en porcentaje (%). | H176: IMPREVISTO | J176: I= | K176: 0.01
C177: NOTA 4: Para la estructuración y confección de la oferta económica del presente proceso de contratación, el proponente debe tener en cuenta las consideraciones dispuestas en el capitulo "4. PRESUPUESTO OFICIAL Y SU JUSTIFICACIÓN, VARIABLES UTILIZADAS Y RUBROS QUE LO COMPONEN." del documento de ESTUDIOS PREVIOS | H177: UTILIDAD | J177: U= | K177: 0.05
H178: TOTAL A.I.U | J178: A.I.U.= | K178: =SUM(K175:K177) -> 0.3012
G181: Firma del Proponente o de su Representante Legal

Sheet PROPUESTA ECONOMICA(Proponente)
C2: Formulario 1 - Propuesta económica - Documento tipo de licitación de obra pública de infraestructura de transporte - versión 4
C3: Código | D3: CCE-EICP-FM-14 | E3: Versión | F3: 4
C4: FORMULARIO 1
C5: PRESUPUESTO OFICIAL
C6: [La entidad puede utilizar este formulario de detalle del presupuesto oficial para determinar las condiciones bajo las cuales los proponentes analizarán y presentarán su propuesta económica de forma detallada, sin perjuicio que la entidad pueda modificarlo o establecer la presentación de la oferta económica con un formulario distinto al indicado.]
C8: Adicionalmente, cuando el proceso de contratación es estructurado por precios unitarios, la Entidad debe aplicar las notas 1, 2 y 3 del presente formulario y las casillas de "Descripción", "Porcentaje" de la Administración, Imprevisto, Utilidad y total A.I.U. resaltadas en color amarillo. Tratándose de otras modalidades de precio, la Entidad puede o no configurar los mismos aspectos.
C10: Nº | D10: ÍTEM DE PAGO | E10: ESPECIFICACIONES | G10: DESCRIPCIÓN | H10: UND. | I10: CANTIDAD | J10: VALOR UNITARIO | K10: VALOR TOTAL
E11: GENERAL | F11: PARTICULAR
A12: =IF(I12=0,A11,A11+1) -> 1 | C12: 1 | D12: 3010 | E12: IDU | G12: DEMOLICION PAVIMENTO ASFALTICO (INCLUYE CARGUE). NO INCLUYE TRANSPORTE Y DISPOSICIÓN FINAL DE SOBRANTES. | H12: M3 | I12: 294.64 | K12: =ROUND(I12*J12,0) -> 0
A13: =IF(I13=0,A12,A12+1) -> 2 | C13: 2 | D13: 3011 | E13: IDU | G13: DEMOLICION MANUAL SARDINEL EXISTENTE (INCLUYE CARGUE). NO INCLUYE TRANSPORTE Y DISPOSICIÓN FINAL DE SOBRANTES. | H13: ML | I13: 2538.38 | K13: =ROUND(I13*J13,0) -> 0
A14: =IF(I14=0,A13,A13+1) -> 3 | C14: 3 | D14: 3022 | E14: IDU | G14: DEMOLICIÓN PISOS DE CONCRETO (INCLUYE CARGUE). NO INCLUYE TRANSPORTE Y DISPOSICIÓN FINAL DE SOBRANTES. | H14: M3 | I14: 251.63 | K14: =ROUND(I14*J14,0) -> 0
A15: =IF(I15=0,A14,A14+1) -> 4 | C15: 4 | D15: 4848 | E15: IDU | G15: DEMOLICION DE TUBERIAS DE ACUEDUCTO Y ALCANTARILLADO Ø < 36" (INCLUYE MARTILLO NEUMÁTICO DE 60 LB Y CARGUE). | H15: ML | I15: 126 | K15: =ROUND(I15*J15,0) -> 0
A16: =IF(I16=0,A15,A15+1) -> 5 | C16: 5 | D16: 4850 | E16: IDU | G16: DEMOLICION DE POZOS, CAJAS Y CAMARAS DE EMPRESAS DE SERVICIOS PÚBLICOS (INCLUYE MARTILLO NEUMÁTICO DE 60 LB, COMPRESOR Y CARGUE). | H16: M3 | I16: 2.5 | K16: =ROUND(I16*J16,0) -> 0
A17: =IF(I17=0,A16,A16+1) -> 6 | C17: 6 | D17: 7792 | E17: IDU | G17: FRESADO PAVIMENTO ASFÁLTICO - HORARIO NOCTURNO. (INCLUYE CARGUE) INCLUYE AGUA, PUNTAS. NO INCLUYE TRANSPORTE DE MAQUINARIA, TRANSPORTE DEL FRESADO NI DISPOSICIÓN FINAL). | H17: M3 | I17: 1997.78 | K17: =ROUND(I17*J17,0) -> 0
A18: =IF(I18=0,A17,A17+1) -> 7 | C18: 7 | D18: 7751 | E18: IDU | G18: FRESADO PAVIMENTO ASFÁLTICO (INCLUYE CARGUE) INCLUYE AGUA, PUNTAS. NO INCLUYE TRANSPORTE DE MAQUINARIA, TRANSPORTE DEL FRESADO NI DISPOSICIÓN FINAL). | H18: M3 | I18: 1997.78 | K18: =ROUND(I18*J18,0) -> 0
A19: =IF(I19=0,A18,A18+1) -> 8 | C19: 8 | D19: 5362 | E19: IDU | G19: FRESADO ESTABILIZADO AL 5% CON EMULSIÓN CRL-1 PARA ACCIÓN DE MOVILIDAD (INCLUYE MATERIAL PÉTREO DE ADICIÓN (ARENA DE RIO) - DISTANCIA A 28 KM. | H19: M3 | I19: 11.97 | K19: =ROUND(I19*J19,0) -> 0
A20: =IF(I20=0,A19,A19+1) -> 9 | C20: 9 | D20: 3007 | E20: IDU | G20: REPLANTEO GENERAL | H20: M2 | I20: 11036.26 | K20: =ROUND(I20*J20,0) -> 0
A21: =IF(I21=0,A20,A20+1) -> 10 | C21: 10 | D21: 3009 | E21: IDU | G21: EXCAVACION MANUAL PARA REDES PROFUNDIDAD 0M - 2M (INCLUYE CARGUE) | H21: M3 | I21: 249.67 | K21: =ROUND(I21*J21,0) -> 0
A22: =IF(I22=0,A21,A21+1) -> 11 | C22: 11 | D22: 3464 | E22: IDU | G22: EXCAVACION MANUAL EN MATERIAL COMUN. INCLUYE CARGUE. | H22: M3 | I22: 449.7 | K22: =ROUND(I22*J22,0) -> 0
A23: =IF(I23=0,A22,A22+1) -> 12 | C23: 12 | D23: 3710 | E23: IDU | G23: EXCAVACIÓN MECÁNICA EN MATERIAL COMÚN (INCLUYE CARGUE) | H23: M3 | I23: 705.38 | K23: =ROUND(I23*J23,0) -> 0
... A112: =IF(I112=0,A111,A111+1) -> 101 | C112: 101 | D112: APU5_FDLBU | E112: IDU | G112: CONEXIONES KIT SILLA YEE 400 X 160 PVC. SUMINISTRO E INSTALACIÓN. | H112: UN | I112: 19 | K112: =ROUND(I112*J112,0) -> 0
A113: =IF(I113=0,#REF!,#REF!+1) -> #REF! | C113: SUBTOTAL VALORES OFERTADOS COMPONENTE DE OBRA | K113: =SUM(K12:K112) -> 0
A114: =IF(I114=0,A113,A113+1) -> #REF!
A115: =IF(I115=0,A114,A114+1) -> #REF! | C115: ITEMS OFERTADOS COMPONENTE AMBIENTAL
A116: =IF(I116=0,A115,A115+1) -> #REF! | C116: =C112+1 -> 102 | D116: Amb1 | G116: CAPACITACIÓN AMBIENTAL AL PERSONAL DE OBRA | H116: UN | I116: 1 | K116: =ROUND(I116*J116,0) -> 0
A117: =IF(I117=0,A116,A116+1) -> #REF! | C117: =C116+1 -> 103 | D117: Amb2 | G117: BAÑO TIPO FLUSHING - ALQUILER MANTENIMIENTO Y ASEO DE BAÑOS PORTÁTILES VIP MENSUAL | H117: UN/MES | I117: 20 | K117: =ROUND(I117*J117,0) -> 0
A118: =IF(I118=0,A117,A117+1) -> #REF! | C118: =C117+1 -> 104 | D118: Amb3 | G118: ALQUILER DE CERRAMIENTO TIPO 1: CONSTA DE SEÑALIZADORES TUBULARES PLÁSTICOS, TRIPLE CINTA PELIGRO CAL. 4, POLISOMBRA 65% PARA CERRAMIENTO. (INCLUYE INSTALACIÓN, MANTENIMIENTO Y DESINSTALACIÓN). - GESTION AMBIENTAL | H118: ML/MES | I118: 320 | K118: =ROUND(I118*J118,0) -> 0
A119: =IF(I119=0,A118,A118+1) -> #REF! | C119: =C118+1 -> 105 | D119: Amb4 | G119: ALQUILER DE CERRAMIENTO TIPO 2: CONSTA DE POSTES ROLLIZOS DE 1.90MT DE ALTURA LIBRE CON BASE EN CONCRETO 1500 PSI DE 30CM X 30CM, DOBLE CINTA PELIGRO CAL. 4, TELA PARA CERRAMIENTO.(INCL INSTALACION, MANTENIMIENTO Y DESINSTALACIÓN). - GESTION AMBIENTAL | H119: ML/MES | I119: 190 | K119: =ROUND(I119*J119,0) -> 0
A120: =IF(I120=0,A119,A119+1) -> #REF! | C120: =C119+1 -> 106 | D120: Amb5 | G120: ALQUILER DE CERRAMIENTO TIPO 3, CONSTA DE SEÑALIZADORES TUBULARES PLASTICOS SEPARADOS ENTRE SI MAXIMO 3MTS TRIPLE CINTA PELIGRO CAL 4 (INCLUYE INSTALACIÓN, MANTENIMEINTO Y DESINSTALACIÓN). GESTION AMBIENTAL | H120: ML/ME | I120: 315 | K120: =ROUND(I120*J120,0) -> 0
A121: =IF(I121=0,A120,A120+1) -> #REF! | C121: =C120+1 -> 107 | D121: Amb6 | G121: PAQUETE DE ELEMENTOS PARA LIMPIEZA Y DESINFECCIÓN PARA 10 TRABAJADORES EN OBRA (INCLUYE ALCOHOL, TOALLAS DE PAPEL, JABON LIQUIDO, GEL ANTIBACTERIAL, SUMINISTRO AGUA PARA EL LAVAMANOS) | H121: UN/MES | I121: 15.5 | K121: =ROUND(I121*J121,0) -> 0
A122: =IF(I122=0,A121,A121+1) -> #REF! | C122: =C121+1 -> 108 | D122: Amb7 | G122: ADECUACIÓN DE CENTRO DE ACOPIO DE MATERIALES | H122: UN | I122: 9 | K122: =ROUND(I122*J122,0) -> 0
A123: =IF(I123=0,A122,A122+1) -> #REF! | C123: =C122+1 -> 109 | D123: Amb8 | G123: DEMARCACIÓN Y CONTROL DE ACOPIOS TEMPORALES DE MATERIALES | H123: M2 | I123: 130 | K123: =ROUND(I123*J123,0) -> 0
A124: =IF(I124=0,A123,A123+1) -> #REF! | C124: =C123+1 -> 110 | D124: Amb9 | G124: PUNTOS DE RECICLAJE DE RESIDUOS (FRENTES DE OBRA) | H124: UN | I124: 9 | K124: =ROUND(I124*J124,0) -> 0
A125: =IF(I125=0,A124,A124+1) -> #REF! | C125: =C124+1 -> 111 | D125: Amb10 | G125: KIT DE BRIGADA, ORDEN, ASEO Y LIMPIEZA | H125: UN | I125: 9 | K125: =ROUND(I125*J125,0) -> 0
A126: =IF(I126=0,A125,A125+1) -> #REF! | C126: =C125+1 -> 112 | D126: Amb11 | G126: PROTECCIÓN A SUMIDEROS CON POLISOMBRA 47% (INCLUYE SUMINISTRO Y COLOCACIÓN DE POLISOMBRA 47% ASEGURADO CON PUNTILLA GRAPA). | H126: UN/MES | I126: 91 | K126: =ROUND(I126*J126,0) -> 0
A127: =IF(I127=0,A126,A126+1) -> #REF! | C127: =C126+1 -> 113 | D127: Amb12 | G127: PROTECCIÓN A ÁRBOLES (INCLUYE SUMINISTRO Y COLOCACIÓN DE DURMIENTES DE 2.90M X 0.04M X 0.04M Y POLISOMBRA AL 47% DE TAL MANERA QUE GARANTICE LA PROTECCIÓN AL INDIVIDUO VEGETAL. | H127: UN | I127: 5 | K127: =ROUND(I127*J127,0) -> 0
A128: =IF(I128=0,A127,A127+1) -> #REF! | C128: =C127+1 -> 114 | D128: Amb13 | G128: Examenes médicos ocupacionales de ingreso o retiro. Ingluye medicina ocpacional, Audiometria, Optometría, Espirometria | H128: UN | I128: 1 | K128: =ROUND(I128*J128,0) -> 0
... A130: =IF(I130=0,A129,A129+1) -> #REF! | C130: =C129+1 -> 116 | D130: Amb15 | G130: SEÑAL EN POLIESTIRENO (30cm x 20cm) FOTOLUMINISCENTE - NORMA NTC - ISO - Para demarcación de diferentes areas de la obra | H130: UN | I130: 1 | K130: =ROUND(I130*J130,0) -> 0
A131: =IF(I131=0,A130,A130+1) -> #REF! | C131: SUBTOTAL VALORES OFERTADOS COMPONETE AMBIENTAL (INCLUYE AIU AMBIENTAL) | K131: =SUM(K116:K130) -> 0
A132: =IF(I132=0,A131,A131+1) -> #REF!
A133: =IF(I133=0,A132,A132+1) -> #REF! | C133: ITEMS OFERTADOS COMPONENTE SOCAL
A134: =IF(I134=0,A133,A133+1) -> #REF! | C134: =C130+1 -> 117 | D134: Soc1 | G134: SOCIALIZACION PROYECTO (Inicio, intermedio o cierre). Incluye video beam y carpa para asistencia de 10 a 75 personas | H134: UN | I134: 22 | K134: =ROUND(I134*J134,0) -> 0
A135: =IF(I135=0,A134,A134+1) -> #REF! | C135: =C134+1 -> 118 | D135: Soc2 | G135: EDICION, IMPRESION Y DISTRIBUCION DE PIEZAS DE DIVULGACION (PIEZAS EN PAPEL BOND, TAMAÑO CARTA, TIPO FOTOCOPIA). | H135: UN | I135: 1 | K135: =ROUND(I135*J135,0) -> 0
A136: =IF(I136=0,A135,A135+1) -> #REF! | C136: =C135+1 -> 119 | D136: Soc3 | G136: AFICHE TAMAÑO MEDIO PLIEGO A 4X0 TINTAS EN PROPALCOTE DE 115 GR. | H136: UN | I136: 105 | K136: =ROUND(I136*J136,0) -> 0
A137: =IF(I137=0,A136,A136+1) -> #REF! | C137: =C136+1 -> 120 | D137: Soc4 | G137: LEVANTAMIENTO DE ACTA DE VECINDAD COMPLETA. (INCLUYE PERSONAL, LOGISTICA, ELABORACION DE FORMATO, PAPELERIA, FOTOGRAFIA Y VIDEO). | H137: UN PRE | I137: 545 | K137: =ROUND(I137*J137,0) -> 0
A138: =IF(I138=0,A137,A137+1) -> #REF! | C138: =C137+1 -> 121 | D138: Soc5 | G138: VALLA MÓVIL DE PISO, UNA CARA, DE 1.80M X 1.20M, EN LÁMINA GALVANIZADA CALIBRE 20, ÁNGULO EN HIERRO DE 2 X 1-1/8" IMPRESO EN VINILO ADHESIVO. IMPRESIÓN 720 DPI; TINTAS PARA EXTERIORES. | H138: UN | I138: 11 | K138: =ROUND(I138*J138,0) -> 0
A139: =IF(I139=0,A138,A138+1) -> #REF! | C139: =C138+1 -> 122 | D139: Soc6 | G139: LEVANTAMIENTO DE ACTAS DE FACHADA (Incluye personal, logística, papelería, fotografía) | H139: UN | I139: 1080 | K139: =ROUND(I139*J139,0) -> 0
A140: =IF(I140=0,A139,A139+1) -> #REF! | C140: =C139+1 -> 123 | D140: Soc7 | G140: OFICINA DOTADA PARA ATENCÓN AL CIUDADANO. AREA ESTIMADA 15M2, DOS PUESTOS DE TRABAJO | H140: UN/MES | I140: 1 | K140: =ROUND(I140*J140,0) -> 0
A141: =IF(I141=0,A140,A140+1) -> #REF! | C141: SUBTOTAL VALORES OFERTADOS COMPONETE SOCIAL (INCLUYE AIU SOCIAL) | K141: =SUM(K134:K140) -> 0
A142: =IF(I142=0,A141,A141+1) -> #REF!
A143: =IF(I143=0,A142,A142+1) -> #REF! | C143: ITEMS OFERTADOS COMPONENTE PMT
A144: =IF(I144=0,A143,A143+1) -> #REF! | C144: =C140+1 -> 124 | D144: PMT1 | G144: SEÑAL EN POLIETILENO ALVEOLAR PARE-SIGA 45cms. DECORADA CON REFLECTIVO, GRADO ALTA INTENSIDAD | H144: UN | I144: 16 | K144: =ROUND(I144*J144,0) -> 0
A145: =IF(I145=0,A144,A144+1) -> #REF! | C145: =C144+1 -> 125 | D145: PMT2 | G145: DESMONTE SEÑAL VERTICAL. | H145: UN | I145: 43 | K145: =ROUND(I145*J145,0) -> 0
A146: =IF(I146=0,A145,A145+1) -> #REF! | C146: =C145+1 -> 126 | D146: PMT3 | G146: DESMONTE Y REINSTALACION DE SEÑALES VIALES (INCLUYE DADO DE ANCLAJE) | H146: UN | I146: 35 | K146: =ROUND(I146*J146,0) -> 0
A147: =IF(I147=0,A146,A146+1) -> #REF! | C147: =C146+1 -> 127 | D147: PMT4 | G147: TORRE DE ILUMINACIÓN DE 4 BOMBILLAS DE 1000 WATS CADA UNA. ALQUILER. INCLUYE COMBUSTIBLE A.C.P.M. | H147: UN/MES | I147: 4 | K147: =ROUND(I147*J147,0) -> 0
A148: =IF(I148=0,A147,A147+1) -> #REF! | C148: =C147+1 -> 128 | D148: PMT5 | G148: ALQUILER BARRERA RELLENABLE (2.00X0.55X1.00M) | H148: UN/MES | I148: 10 | K148: =ROUND(I148*J148,0) -> 0
A149: =IF(I149=0,A148,A148+1) -> #REF! | C149: =C148+1 -> 129 | D149: PMT6 | G149: ALQUILER DE SEÑAL LUMINOSA BIDIRECCIONAL 1.50M X 0.50M (INCLUYE INSTALACIÓN, MANTENIMIENTO Y DESINSTALACIÓN). | H149: UN/MES | I149: 8 | K149: =ROUND(I149*J149,0) -> 0
A150: =IF(I150=0,A149,A149+1) -> #REF! | C150: =C149+1 -> 130 | D150: PMT7 | G150: ALQUILER SEÑAL TEMPORAL MÓVIL ECONÓMICA CON TRÍPODE TIPO SIO - SP - SI - SR DE (100 X 50 CM - 75 X 75 CM - 80 X 50 CM) LÁMINA GALVANIZADA CAL. 20 Y ÁNGULOS DE 1" X 1/2" X 1/8" | H150: UN/MES | I150: 14 | K150: =ROUND(I150*J150,0) -> 0
A151: =IF(I151=0,A150,A150+1) -> #REF! | C151: =C150+1 -> 131 | D151: PMT8 | G151: ALQUILER DE BARRICADA METÁLICA CON SEÑAL DE DESVÍO O VÍA CERRADA DE 2.40 M CINTA GRADO INGENIERÍA SHEETING | H151: UN/MES | I151: 9 | K151: =ROUND(I151*J151,0) -> 0
A152: =IF(I152=0,A151,A151+1) -> #REF! | C152: =C151+1 -> 132 | D152: PMT9 | G152: ALQUILER DE CERRAMIENTO TIPO 1: CONSTA DE SEÑALIZADORES TUBULARES PLÁSTICOS, TRIPLE CINTA PELIGRO CAL. 4, POLISOMBRA 65% PARA CERRAMIENTO. (INCLUYE INSTALACIÓN, MANTENIMIENTO Y DESINSTALACIÓN). - PMT | H152: ML/MES | I152: 852.35 | K152: =ROUND(I152*J152,0) -> 0
A153: =IF(I153=0,A152,A152+1) -> #REF! | C153: =C152+1 -> 133 | D153: PMT10 | G153: ALQUILER DE CERRAMIENTO TIPO 2: CONSTA DE POSTES ROLLIZOS DE 1.90MT DE ALTURA LIBRE CON BASE EN CONCRETO 1500 PSI DE 30CM X 30CM, DOBLE CINTA PELIGRO CAL. 4, TELA PARA CERRAMIENTO.(INCL INSTALACION, MANTENIMIENTO Y DESINSTALACIÓN). - PMT | H153: ML/MES | I153: 101.875 | K153: =ROUND(I153*J153,0) -> 0
A154: =IF(I154=0,A153,A153+1) -> #REF! | C154: =C153+1 -> 134 | D154: PMT11 | G154: ALQUILER DE CERRAMIENTO TIPO 3, CONSTA DE SEÑALIZADORES TUBULARES PLASTICOS SEPARADOS ENTRE SI MAXIMO 3MTS TRIPLE CINTA PELIGRO CAL 4 (INCLUYE INSTALACIÓN, MANTENIMEINTO Y DESINSTALACIÓN).- PMT | H154: ML/ME | I154: 777.7 | K154: =ROUND(I154*J154,0) -> 0
C155: SUBTOTAL VALORES OFERTADOS COMPONETE PMT (INCLUYE AIU PMT) | K155: =SUM(K144:K154) -> 0
C157: TOTAL VALORES OFERTADOS OBRAS + COMPONETE (INCLUYE AIU DE OBRA Y DE COMPONENTES) Nota 11 | K157: =K113+K131+K141+K155 -> 0
G159: SUBTOTAL OBRAS (INCLUYE COSTOS DIRECTOS E INDIRECTOS) | K159: =K113 -> 0
G161: DIFERENCIA DE VALOR DE OBRA OFERTADO CON RESPECTO AL VALOR DE LA ENTIDAD, DESTINADO A PROVICIÓN PARA ACCIONES DE MOVILIDAD Y DE EMERGENCIA | K161: ='PRESUPUESTO OFICIAL (Entidad)'!$K$113-K113 -> 3771842502
G163: COMPONENTE GESTIÓN AMBIENTAL Y SST (INCLUYE A.I.U.) - VALOR NO OFERTABLE | I163: GLB | J163: 1 | K163: ='PRESUPUESTO OFICIAL (Entidad)'!K163 -> 373530675
G164: COMPONENTE GESTIÓN SOCIAL (INCLUYE A.I.U.) - VALOR NO OFERTABLE | I164: GLB | J164: 1 | K164: ='PRESUPUESTO OFICIAL (Entidad)'!K164 -> 182206978
G165: COMPONENTE PLAN DE MANEJO DE TRAFICO - PMT (INCLUYE A.I.U.) - VALOR NO OFERTABLE | I165: GLB | J165: 1 | K165: ='PRESUPUESTO OFICIAL (Entidad)'!K165 -> 331873478
G167: PRESUPUESTO ETAPA DE DIAGNOSTICO Y DISEÑOS - VALOR NO OFERTABLE | I167: GLB | J167: 1 | K167: ='PRESUPUESTO OFICIAL (Entidad)'!K167 -> 177917093
G169: PROVISIÓN POR CAMBIO DE VIGENCIA - VALOR NO OFERTABLE | I169: GLB | J169: 1 | K169: ='PRESUPUESTO OFICIAL (Entidad)'!K169 -> 50357735
G171: VALOR TOTAL OFERTA ECONOMICA | K171: =K159+K161+K163+K164+K165+K167+K169 -> 4887728461
C174: NOTA 1: Se debe tener en cuenta que el PRECIO UNITARIO incluye el valor de A.I.U. | H174: DESCRIPCION | K174: PORCENTAJE
C175: NOTA 2: Cuando la fracción decimal del peso sea igual o superior a 5 se aproximará por exceso al número entero siguiente del peso y cuando la fracción decimal del peso sea inferior a 5 se aproximará por defecto al número entero del peso. | H175: ADMINISTRACIÓN | J175: A=
C176: NOTA 3: El A.I.U y su discriminación deben estar en porcentaje (%). | H176: IMPREVISTO | J176: I=
C177: NOTA 4: Para la estructuración y confección de la oferta económica del presente proceso de contratación, el proponente debe tener en cuenta las consideraciones dispuestas en el capitulo "4. PRESUPUESTO OFICIAL Y SU JUSTIFICACIÓN, VARIABLES UTILIZADAS Y RUBROS QUE LO COMPONEN." del documento de ESTUDIOS PREVIOS | H177: UTILIDAD | J177: U=
H178: TOTAL A.I.U | J178: A.I.U.= | K178: =SUM(K175:K177) -> 0
G181: Firma del Proponente o de su Representante Legal

Sheet INDICAR CÓDIGO DEL ITEM DE PAGO
C3: Formulario 1 - Propuesta económica - Documento tipo de licitación de obra pública de infraestructura de transporte - versión 4
C4: Código | D4: CCE-EICP-FM-14 | E4: Versión | F4: 4
C6: [La entidad podrá utilizar este formato para la presentación de los análisis de precios unitarios del contratista en la oportunidad prevista en el numeral 8.1. del Documento Base]
D9: [NOMBRE DE LA ENTIDAD]
L10: VERSIÓN
D11: [NÚMERO DEL PROCESO]
L12: PÁGINA | M12: 1 | N12: DE | O12: 1
D14: ANALISIS DE PRECIOS UNITARIOS
L16: FECHA | M16: DD | N16: MM | O16: AA
C18: ÍTEMS DE LA PROPUESTA ECONÓMICA | I18: ÍTEMS NO PREVISTOS
C22: DATOS ESPECÍFICOS
C24: ÍTEM | D24: DESCRIPCIÓN | M24: UNIDAD | O24: CANTIDAD
C26: I. EQUIPO
C29: DESCRIPCIÓN | H29: MARCA | J29: TIPO | L29: TARIFA/HORA | M29: RENDIMIENTO | O29: Vr. UNITARIO
C33: SUBTOTAL $
C34: II. MATERIALES
C37: DESCRIPCIÓN | K37: UNIDAD | L37: CANTIDAD | M37: PRECIO UNIT. | O37: Vr. UNITARIO
C40: SUBTOTAL $ | O40: 0
C41: III. TRANSPORTES
C44: MATERIAL | J44: VOL. o PESO | K44: DISTANCIA | L44: M3 o Ton/Km | M44: TARIFA | O44: Vr. UNITARIO
C47: SUBTOTAL $
C48: IV. MANO DE OBRA
C51: TRABAJADOR | J51: JORNAL | K51: PRESTACIONES | L51: JORNAL TOTAL | M51: RENDIMIENTO | O51: Vr. UNITARIO
C56: SUBTOTAL $
C58: TOTAL COSTO DIRECTO $
C59: V. COSTOS INDIRECTOS
C62: Descripción | L62: Porcentaje | M62: Valor Total
C63: ADMINISTRACION
C64: IMPREVISTOS
C65: UTILIDAD
C66: SUBTOTAL $
C68: Precio Unitario Total Aproximado al peso $
H72: Firma
H73: Nombre:
H74: Representante Legal del Contratista o su Apoderado
H75: Matricula No. :
C77: OBSERVACIONES INTERVENTORÍA
C81: APROBACIÓN POR INTERVENTORÍA
C82: Nota 1: Cuando se trate de Análisis de precios unitarios correspondientes a ítems de la propuesta económica aprobada, el Interventor aprueba el desglose de los componentes manteniendo el mismo precio unitario de cada ítem, cumpliendo con las especificaciones de construcción vigentes para el proyecto.
C84: Nota 2: Cuando se trate de Análisis de precios unitarios de ítems no previstos, el Interventor aprueba el desglose y precio unitario de cada ítem no previsto, exigiendo la aplicación de los costos correspondientes a insumos y tarifas de la propuesta económica inicial cuando estén contemplados, cumpliendo con las especificaciones de construcción vigente para el proyecto.
H87: Firma
H88: Nombre:
H89: Representante Legal del Interventor o su Apoderado
H90: Matricula No. :
